 Dungeon Crawl Stone Soup version 0.32-a0-171-g4625e66871 (webtiles) character file.

Game seed: 15556405188051371525

146955 ssldvbfs the Warrior (level 16, -7/148 HPs)
             Began as a Minotaur Fighter on Feb 11, 2024.
             Was the Champion of Okawaru.
             Succumbed to Aizul's bolt of poison
             ... on level 3 of the Swamp on Feb 12, 2024.
             The game lasted 00:54:39 (30313 turns).

ssldvbfs the Warrior (Minotaur Fighter)            Turns: 30313, Time: 00:54:40

Health: -7/148     AC: 27    Str: 33    XL:     16   Next: 90%
Magic:  15/15      EV: 14    Int: 12    God:    Okawaru [******]
Gold:   2802       SH: 19    Dex:  9    Spells: 15/15 levels left

rFire   + + +        E - +6 broad axe (elec)
rCold   + + +        q - +5 Storm Queen's Shield {shock, Fly rElec}
rNeg    . . .        H - +3 chain mail {rC+}
rPois   .            r - +2 hat
rElec   +            Q - +2 cloak of the Dropbear {rF+ rC+ Int+2 Stlth+}
rCorr   .            L - +1 pair of gloves of Plasticity {*Corrode Str+2 Int+5 SInv}
SInv    +            P - +0 pair of boots of Cowardice {rF+ Str+3}
Will    +....        (no amulet) Stlth
                     F - ring of protection from fire
HPRegen 0.00/turn    B - ring of protection from cold
MPRegen 0.14/turn

%: corrode self (3%)
@: lethally poisoned (-7 -> -94), flying, inhibited regen
A: horns 2, retaliatory headbutt, clumsy 1, frail 1, inhibited regeneration,
teleportitis 1
a: Renounce Religion, Heroism, Finesse, Duel


You were on level 3 of the Swamp.
You worshipped Okawaru.
Okawaru was exalted by your worship.
You visited 5 branches of the dungeon, and saw 26 of its levels.
You also visited: Gauntlet and Ice Cave.

You collected 4105 gold pieces.
You spent 1303 gold pieces at shops.

Inventory:

Hand Weapons
 b - the +6 broad axe "Voesti" {freeze, rN+ Stlth+}
   (You bought it in a shop on level 2 of the Orcish Mines)

   rN+:       It protects you from negative energy.
   Stlth+:    It makes you more stealthy.
 v - a +4 war axe of draining
 C - a +0 broad axe of flaming
 E - a +6 broad axe of electrocution (weapon)
Missiles
 x - 7 throwing nets (quivered)
Armour
 q - the +5 Storm Queen's Shield (worn) {shock, Fly rElec}
   (Okawaru gifted it to you on level 12 of the Dungeon)

   Shock:     When it blocks an attack, it may electrocute the attacker.
   This works even against foes who are a short distance away.
   rElec:     It insulates you from electricity.
   Fly:       It grants you flight.
 r - a +2 hat (worn)
 y - a +2 cloak
 H - a +3 chain mail of cold resistance (worn)
 L - the +1 pair of gloves of Plasticity (worn) {*Corrode Str+2 Int+5 SInv}
   (You found it on level 3 of the Lair of Beasts)

   Str+2:     It affects your strength (+2).
   Int+5:     It affects your intelligence (+5).
   SInv:      It lets you see invisible.
   *Corrode:  It may corrode you when you take damage.
 P - the +0 pair of boots of Cowardice (worn) {rF+ Str+3}
   (You found it in a Gauntlet)

   Str+3:     It affects your strength (+3).
   rF+:       It protects you from fire.
 Q - the +2 cloak of the Dropbear (worn) {rF+ rC+ Int+2 Stlth+}
   (You found it in a Gauntlet)

   Int+2:     It affects your intelligence (+2).
   rF+:       It protects you from fire.
   rC+:       It protects you from cold.
   Stlth+:    It makes you more stealthy.
 R - a +2 tower shield of cold resistance
Jewellery
 i - a ring of magical power
 l - a +6 ring of intelligence
 o - a ring of flight
 B - a ring of protection from cold (right hand)
 F - a ring of protection from fire (left hand)
Wands
 k - a wand of iceblast (26)
 m - a wand of mindburst (48)
 t - a wand of flame (63)
 w - a wand of acid (11)
 N - a wand of polymorph (1)
 O - a wand of paralysis (17)
Scrolls
 a - 2 scrolls of silence
 c - 3 scrolls of fog
 f - 4 scrolls of blinking
 j - 2 scrolls of revelation
 n - a scroll of teleportation
 u - 12 scrolls of identify
 G - a scroll of brand weapon
Potions
 d - 2 potions of might
 e - 3 potions of heal wounds
 g - 6 potions of enlightenment
 h - 12 potions of curing
 p - 2 potions of lignification
 s - 4 potions of haste
 z - 2 potions of attraction
 A - 6 potions of magic
 I - a potion of cancellation
 M - 6 potions of invisibility
Miscellaneous
 D - a phial of floods
 J - a condenser vane
 K - a lightning rod (4/4)


   Skills:
 + Level 20.4 Fighting
 + Level 16.8 Axes
 + Level 17.0 Armour
 + Level 15.3 Dodging
 + Level 20.2 Shields


You had 15 spell levels left.
You didn't know any spells.
Your spell library contained the following spells:

 Spells                   Type           Power      Damage    Failure   Level
 Freeze                   Ice            0%         1d3       67%         1
 Slow                     Hex            0%         N/A       67%         1
 Sting                    Conj/Alch      0%         1d3       67%         1
 Blink                    Tloc           0%         N/A       80%         2
 Ensorcelled Hibernation  Hex/Ice        0%         N/A       80%         2
 Lesser Beckoning         Tloc           0%         N/A       80%         2
 Mercury Vapours          Alch/Air       0%         N/A       80%         2
 Momentum Strike          Conj/Tloc      0%         3d8       80%         2
 Sublimation of Blood     Necr           0%         N/A       80%         2
 Confusing Touch          Hex            0%         N/A       95%         3
 Frozen Ramparts          Ice            0%         1d1       95%         3
 Fugue of the Fallen      Necr           0%         N/A       95%         3
 Gell's Gravitas          Tloc           0%         N/A       95%         3
 Hailstorm                Conj/Ice       0%         3d5       95%         3
 Mephitic Cloud           Conj/Alch/Air  0%         N/A       95%         3
 Ozocubu's Armour         Ice            0%         N/A       95%         3
 Sigil of Binding         Hex            0%         N/A       95%         3
 Teleport Other           Tloc           0%         N/A       95%         3
 Vampiric Draining        Necr           0%         2d6       95%         3
 Leda's Liquefaction      Alch/Erth      0%         N/A       100%        4
 Manifold Assault         Tloc           0%         N/A       100%        4
 Olgreb's Toxic Radiance  Alch           0%         N/A       100%        4
 Petrify                  Alch/Erth      0%         N/A       100%        4
 Freezing Cloud           Conj/Ice/Air   0%         6-21      100%        5
 Irradiate                Conj/Alch      0%         3d11      100%        5
 Metabolic Englaciation   Hex/Ice        0%         N/A       100%        5
 Dispersal                Tloc           0%         N/A       100%        6
 Ozocubu's Refrigeration  Ice            0%         4d7       100%        7
 Disjunction              Tloc           0%         N/A       100%        8
 Summon Ice Beast         Ice/Summ       Unusable   N/A       N/A         3
 Animate Dead             Necr           Unusable   N/A       N/A         4
 Summon Mana Viper        Hex/Summ       Unusable   N/A       N/A         5
 Haunt                    Necr/Summ      Unusable   N/A       N/A         7
 Monstrous Menagerie      Summ           Unusable   N/A       N/A         7
 Infestation              Necr           Unusable   N/A       N/A         8

Dungeon Overview and Level Annotations

Branches:
Dungeon (15/15)            Temple (1/1) D:7            Lair (5/5) D:8
  Swamp (3/4) Lair:2       Spider (0/4) Lair:2        Slime (0/5) Lair:5
    Orc (2/2) D:12            Elf (0/3) Orc:2        Vaults (0/5) D:13
 Depths (0/4) D:15          IceCv (visited)         Gauntlet (visited)

Altars:
Ashenzari
Cheibriados
Dithmenos
Elyvilon
Fedhas
Gozag
Hepliaklqana
Kikubaaqudgha
Makhleb
Nemelex Xobeh
Okawaru
Qazlal
Ru
Sif Muna
Trog
Uskayaw
Vehumet
Wu Jian
Xom
Yredelemnul
Zin
The Shining One
Jiyva

Shops:
D:1 ?   D:14 =[!   Orc:2 (?[([

Portals:
Trove: D:11 (give 13 potions of heal wounds)

Annotations:
D:6 3 runed translucent doors, Pascal76's ghost, novice MfCK; Vontreibholz's ghost, novice HOFi
Swamp:3 Aizul


Innate Abilities, Weirdness & Mutations

You have a pair of horns on your head.
You reflexively headbutt those who attack you in melee.
You are clumsy. (Dex -2)
You are frail. (-10% HP)
You do not regenerate when monsters are visible.
You are occasionally teleported next to monsters.


Message History

The swamp worm bites you but does no damage.
Aizul coils herself and waves her upper body at you.
The bolt of poison hits you!
You are more poisoned.
The bolt of poison hits the plant!
The bolt of poison hits the plant.
You miss Aizul. You slice the swamp worm!!
You kill the swamp worm!
Okawaru accepts your kill.
You feel extremely sick.
A nearby plant withers and dies. x2; You block Aizul's attack.
You slice Aizul!!
Aizul is moderately wounded.
You feel very sick. You block Aizul's attack.
Your shield discharges, shocking Aizul!
Unknown command.
You miss Aizul. Your headbutt misses Aizul.
Aizul is moderately wounded.
You feel extremely sick. Aizul hits you but does no damage.
You closely miss Aizul.
Aizul is moderately wounded.
You feel very sick.
Aizul coils herself and waves her upper body at you.
The bolt of poison hits you!
You are lethally poisoned!
The bolt of poison hits the plant!
You closely miss Aizul.
Aizul is moderately wounded.
* * * LOW HITPOINT WARNING * * *
You feel extremely sick.
A nearby plant withers and dies.
Aizul hisses menacingly.
Aizul coils herself and waves her upper body at you.
The bolt of poison hits you!!
You are more poisoned.
* * * LOW HITPOINT WARNING * * *
Unknown command.
You miss Aizul. You headbutt Aizul, but do no damage.
Aizul is moderately wounded.
You die...

,~~~,*,~~~**,,,............♣,,,,,
,~~~,*~~~.~~~..~~....~~...§~.,,,,
,~~~,*,~~.~...~§§~PP~~~~...~..,,*
*,~,**~~,..~~.~~~~PP~~~~......,,*
**,***,~~.§....§~~~~~~~...,,,,,,,
******~,,......PP~§§~PP..♣.^,,,,,
,~,,,~~~,...~..PP~~~~PP..♣...,,,,
,~~,,,,,,~~..).~§~~~~~~...~..,,,,
~~~,,**~~...~.~S@~..~§~~..~~.,~,,
,,,*****~.(~~.~§§§.P~~~~.~..♣.~,~
**~* **♣♣♣~..~~....~~......♣~~.
*** ♣♣....................
♣♣♣♣♣♣♣..~.~~.~.~..~.
♣♣~...~~~..~... ♣....~~~~~...~
♣♣..~.).~....§ ♣..~~††..~~♣*


You could see Aizul.

Vanquished Creatures
  Nikola (Swamp:1)
  Jorgrun (D:12)
  A tentacled monstrosity (Swamp:2)
  Gastronok (D:9)
  Frances (Swamp:1)
  2 thorn hunters
  Donald (Orc:2)
  A fenstrider witch (Swamp:2)
  An orc warlord (Orc:1)
  2 eleionomae (Swamp:1)
  2 bunyips
  Azrael (Orc:2)
  A minotaur (Gauntlet)
  Snorg (Lair:5)
  2 blizzard demons (IceCv)
  A fire dragon (Lair:5)
  A yaktaur captain (D:14)
  Josephine (Lair:5)
  A deep elf high priest (D:14)
  4 vault guards
  A caustic shrike simulacrum (IceCv)
  An entropy weaver (shapeshifter) (D:14)
  9 hydras
  6 alligators
  A catoblepas (Lair:2)
  Erica (D:10)
  3 two-headed ogres
  8 centaur warriors
  2 death knights
  3 death yaks (Lair:4)
  2 deep troll earth magi
  4 tengu warriors
  5 boulder beetles
  Urug (D:10)
  Nergalle (D:10)
  A skyshark (Lair:2)
  A fire crab (Lair:5)
  2 goliath frogs (Swamp:1)
  A skeletal warrior (D:14)
  A fire crab (shapeshifter) (D:13)
  5 spriggan druids
  Pikel (D:6)
  4 bog bodies
  2 swamp dragons (Swamp:2)
  An obsidian statue (IceCv)
  9 spriggan simulacra (IceCv)
  6 deep elf pyromancers
  3 orc knights (Orc:2)
  12 ugly things
  A harpy (D:14)
  2 orc sorcerers (Orc:1)
  14 cyclopes
  A shining eye (shapeshifter) (D:13)
  A wolf spider (D:15)
  3 will-o-the-wisps (Swamp:2)
  7 manticores
  Maurice (D:9)
  3 elephants (Lair:5)
  11 black mambas
  2 large abominations (Gauntlet)
  An ice statue (Gauntlet)
  2 molten gargoyles (Lair:5)
  5 kobold blastminers
  4 orange demons (Orc:1)
  3 gargoyles
  9 cane toads
  An unseen horror (D:13)
  2 torpor snails (Lair:4)
  3 rime drakes
  3 anaconda simulacra (IceCv)
  3 tengu conjurers
  7 komodo dragons
  Psyche (D:12)
  2 kobold demonologists (D:12)
  4 efreet
  9 ice devils (IceCv)
  2 golden dragon simulacra (IceCv)
  7 trolls
  3 tyrant leeches
  19 blink frogs
  5 hornets
  2 alligator simulacra (IceCv)
  7 dream sheep (Lair:5)
  A jumping spider (shapeshifter) (D:13)
  5 slime creatures
  A shadow (D:10)
  7 spriggans
  6 dire elephant simulacra
  2 vampires
  48 yaks
  6 wraiths
  3 fire elementals (Orc:2)
  10 wyverns
  4 steam dragons
  A warg (Orc:2)
  7 basilisks
  4 redbacks (Lair:2)
  Menkaure (D:5)
  9 minotaur simulacra (IceCv)
  11 swamp worms
  11 vampire mosquitoes
  2 acid dragons (Lair:5)
  Edmund (D:5)
  2 harpy simulacra
  6 hell hounds
  A hydra simulacrum (Lair:3)
  12 water moccasins
  2 swamp drakes
  4 ice beasts
  40 orc warriors
  3 black bears
  2 ettin simulacra (IceCv)
  A sky beast (D:6)
  6 ogres
  3 small abominations (Gauntlet)
  A laughing skull (D:9)
  5 wolves
  18 centaurs
  A phantom (D:5)
  2 lemures (D:6)
  21 bullfrogs
  9 scorpions
  4 deep troll simulacra (IceCv)
  A skyshark simulacrum (Lair:3)
  2 cane toad simulacra (Lair:3)
  3 lindwurm simulacra (IceCv)
  A killer bee (D:9)
  A rime drake simulacrum (Lair:3)
  An electric eel (D:11)
  5 howler monkeys
  5 lava snakes (Lair:5)
  2 jellies
  3 hounds
  4 bombardier beetles
  3 gnoll boudas
  20 orc priests
  5 iguanas
  25 orc wizards
  10 gnolls
  13 adders
  A shadow imp (D:8)
  A white imp (D:7)
  A ribbon worm (D:2)
  The ghost of lilalause the Sneak, a weakling KoDe (D:7)
  2 dart slugs
  83 orcs
  5 ball pythons
  5 bats
  8 endoplasms
  5 giant cockroaches
  4 goblins
  15 hobgoblins
  12 jackals
  7 kobolds
  4 quokkas
  4 frilled lizards
  2 rats
  A spectral weapon (Swamp:2)
822 creatures vanquished.

Vanquished Creatures (others)
  3 bloated husks
  A tyrant leech (Swamp:1)
  12 foxfires (Swamp:2)
16 creatures vanquished.

Grand Total: 838 creatures vanquished

Notes
Turn   | Place    | Note
-------+----------+-------------------------------------------
     0 | D:1      | ssldvbfs the Minotaur Fighter began the quest for the Orb.
     0 | D:1      | Reached XP level 1. HP: 19/19 MP: 0/0
    47 | D:1      | Reached XP level 2. HP: 27/27 MP: 1/1
   291 | D:1      | Reached skill level 1 in Dodging
   396 | D:1      | Reached XP level 3. HP: 32/33 MP: 2/2
   521 | D:1      | Found Hih Lav's Magic Scroll Boutique.
   524 | D:1      | Bought a scroll of identify for 20 gold pieces
   905 | D:1      | Bought a scroll of identify for 20 gold pieces
   962 | D:2      | Identified a scroll of acquirement
   962 | D:2      | Acquired a manual of Shields
  1153 | D:2      | Identified the +1 ring mail of Pathos {Will- MP+9 Str+2
                  | Int+4}
  1239 | D:2      | Reached XP level 4. HP: 40/40 MP: 3/3
  1952 | D:2      | Found a faded altar of an unknown god.
  2082 | D:3      | Reached XP level 5. HP: 44/47 MP: 4/4
  2286 | D:3      | Reached skill level 5 in Shields
  2710 | D:3      | Found a shadowy altar of Dithmenos.
  2912 | D:4      | Noticed an ogre
  2917 | D:4      | Killed an ogre
  2918 | D:4      | Reached XP level 6. HP: 48/55 MP: 5/5
  2961 | D:4      | Found a broken altar of Ashenzari.
  2974 | D:4      | You fall into a shaft and drop 2 floors!
  2986 | D:6      | Noticed a sky beast
  2995 | D:6      | Killed a sky beast
  2996 | D:6      | Reached skill level 5 in Fighting
  2996 | D:6      | Reached skill level 5 in Armour
  3029 | D:6      | Acquired 497 gold pieces
  3046 | D:6      | Found a runed translucent gate.
  3046 | D:6      | Found a runed translucent gate.
  3050 | D:6      | Noticed Pascal76's ghost (novice MfCK)
  3077 | D:6      | Reached XP level 7. HP: 61/61 MP: 6/6
  3095 | D:6      | Found a runed translucent gate.
  3096 | D:6      | Noticed Vontreibholz's ghost (novice HOFi)
  3133 | D:6      | Noticed Pikel
  3147 | D:6      | Killed Pikel
  3148 | D:6      | Reached skill level 5 in Axes
  3148 | D:6      | Reached XP level 8. HP: 42/70 MP: 7/7
  3458 | D:5      | Entered Level 5 of the Dungeon
  3583 | D:4      | Found a hazy altar of Hepliaklqana.
  3763 | D:4      | Found a blossoming altar of Fedhas.
  4213 | D:5      | Reached skill level 5 in Dodging
  4335 | D:5      | Found a sparkling altar of Nemelex Xobeh.
  4340 | D:5      | Found an ornate altar of the Wu Jian Council.
  4614 | D:5      | Noticed Menkaure
  4630 | D:5      | Killed Menkaure
  4717 | D:5      | Noticed Edmund
  4722 | D:5      | Reached XP level 9. HP: 79/79 MP: 8/8
  4734 | D:5      | Killed Edmund
  5168 | D:6      | Acquired a manual of Fighting
  5240 | D:7      | Found a staircase to the Ecumenical Temple.
  5252 | Temple   | Entered the Ecumenical Temple
  5265 | Temple   | Became a worshipper of Warmaster Okawaru
  5292 | D:7      | Reached skill level 10 in Shields
  5494 | D:7      | Found a transporter.
  5497 | D:7      | Noticed lilalause's ghost (weakling KoDe)
  5503 | D:7      | Found a transporter.
  5503 | D:7      | Identified the +1 dire flail of the Final Decision {drain,
                  | Str+5}
  5503 | D:7      | Noticed a two-headed ogre
  5784 | D:7      | Found a hide-covered altar of Uskayaw.
  6344 | D:7      | Killed lilalause's ghost
  6345 | D:7      | Killed a two-headed ogre
  6345 | D:7      | Reached * piety under Okawaru
  6618 | D:8      | Reached XP level 10. HP: 84/91 MP: 9/9
  6777 | D:8      | Reached ** piety under Okawaru
  6794 | D:8      | Reached skill level 10 in Fighting
  6951 | D:8      | Found a staircase to the Lair.
  7228 | D:8      | Reached *** piety under Okawaru
  7455 | D:8      | Paralysed by a hornet for 2 turns
  7816 | D:9      | Noticed Maurice
  7816 | D:9      | Found Zin's Purification Station.
  7819 | D:9      | Maurice stole 2 throwing nets
  7821 | D:9      | Maurice stole a +1 war axe of freezing
  7824 | D:9      | Maurice stole 208 gold
  7825 | D:9      | Killed Maurice
  7859 | D:9      | Found a glowing silver altar of Zin.
  7862 | D:9      | Bought a potion of curing for 90 gold pieces
  7907 | D:9      | Noticed Gastronok
  7923 | D:9      | Killed Gastronok
  7923 | D:9      | Reached **** piety under Okawaru
  7933 | D:9      | Identified the +3 leather armour of the Game of Life {rC+
                  | Str+5}
  8141 | D:9      | Reached XP level 11. HP: 74/104 MP: 10/10
  8147 | D:9      | Reached skill level 10 in Armour
  8347 | D:9      | Found a glowing golden altar of the Shining One.
  8428 | D:9      | Found a shimmering altar of Xom.
  8473 | D:9      | Noticed a deep elf pyromancer
  8476 | D:9      | Noticed a purple ugly thing
  8487 | D:9      | Killed a purple ugly thing
  8489 | D:9      | Noticed a six-headed hydra
  8497 | D:9      | Killed an 11-headed hydra
  8503 | D:9      | Noticed a green ugly thing
  8503 | D:9      | Noticed a deep elf pyromancer
  8505 | D:9      | Noticed a purple ugly thing
  8508 | D:9      | Killed a purple ugly thing
  8508 | D:9      | Reached ***** piety under Okawaru
  8509 | D:9      | Reached skill level 10 in Axes
  8515 | D:9      | Noticed a boulder beetle
  8735 | D:9      | Received a gift from Okawaru
  8750 | D:9      | Killed a deep elf pyromancer
  8759 | D:9      | Killed a deep elf pyromancer
  8762 | D:9      | Killed a boulder beetle
  8821 | D:9      | Noticed a death knight
  9162 | D:9      | Killed a green ugly thing
  9249 | D:9      | Killed a death knight
  9432 | D:9      | Found a runed translucent door.
  9432 | D:9      | Noticed a deep elf pyromancer
  9433 | D:9      | Found a runed translucent door.
  9433 | D:9      | Noticed a deep elf pyromancer
  9444 | D:9      | Killed a deep elf pyromancer
  9444 | D:9      | Received a gift from Okawaru
  9897 | D:9      | Killed a deep elf pyromancer
 10054 | D:9      | Noticed a centaur warrior
 10061 | D:9      | Killed a centaur warrior
 10062 | D:9      | Reached skill level 15 in Shields
 10062 | D:9      | Reached XP level 12. HP: 97/116 MP: 11/11
 10238 | D:10     | Entered Level 10 of the Dungeon
 10243 | D:10     | Noticed Nergalle
 10243 | D:10     | Noticed Urug
 10246 | D:10     | Noticed Erica
 10252 | D:10     | Killed Urug
 10259 | D:10     | Killed Erica
 10261 | D:10     | Killed Nergalle
 10261 | D:10     | Received a gift from Okawaru
 10811 | D:10     | Reached skill level 10 in Dodging
 11061 | D:10     | Noticed a boulder beetle
 11074 | D:10     | Killed a boulder beetle
 12038 | D:11     | Found a portal to a secret trove of treasure.
 12109 | D:11     | Reached skill level 15 in Fighting
 12154 | D:12     | Received a gift from Okawaru
 12157 | D:12     | Identified the +0 robe of Compression {rElec Stlth+}
 12263 | D:12     | Noticed Jorgrun
 12278 | D:12     | Killed Jorgrun
 12507 | D:12     | Noticed a two-headed ogre
 12516 | D:12     | Killed a two-headed ogre
 12611 | D:12     | Found a staircase to the Orcish Mines.
 12663 | D:12     | Received a gift from Okawaru
 12812 | D:12     | Reached ****** piety under Okawaru
 12813 | D:12     | Acquired a +3 broad axe of venom
 12813 | D:12     | Received a gift from Okawaru
 12827 | D:12     | Noticed Psyche
 12837 | D:12     | Killed Psyche
 12840 | D:12     | Reached XP level 13. HP: 67/128 MP: 9/12
 13021 | D:12     | Acquired the +5 Storm Queen's Shield {shock, Fly rElec}
 13021 | D:12     | Received a gift from Okawaru
 13021 | D:12     | Found the +5 Storm Queen's Shield {shock, Fly rElec}
 13485 | D:13     | Found a gate to the Vaults.
 14176 | D:13     | Gained mutation: You are occasionally teleported next to
                  | monsters. [a shining eye]
 14193 | D:13     | Gained mutation: You are clumsy. (Dex -2) [a shining eye]
 14197 | D:13     | Gained mutation: You are frail. (-10% HP) [a shining eye]
 14337 | D:13     | Received a gift from Okawaru
 15131 | D:14     | Found Ceufubeb's Armour Emporium.
 15134 | D:14     | Bought a +1 chain mail of cold resistance for 247 gold
                  | pieces
 15158 | D:14     | Found Xontu's Jewellery Shoppe.
 15240 | D:14     | Found Deof's Distillery.
 15248 | D:14     | Bought a potion of curing for 51 gold pieces
 15248 | D:14     | Bought a potion of heal wounds for 85 gold pieces
 15248 | D:14     | Bought a potion of haste for 170 gold pieces
 15248 | D:14     | Bought a potion of curing for 51 gold pieces
 15248 | D:14     | Bought a potion of curing for 51 gold pieces
 15248 | D:14     | Bought a potion of curing for 51 gold pieces
 15248 | D:14     | Bought a potion of cancellation for 136 gold pieces
 15496 | D:14     | Received a gift from Okawaru
 15681 | D:14     | Found a runed translucent door.
 15750 | D:14     | Reached XP level 14. HP: 111/126 MP: 13/13
 16015 | D:14     | Received a gift from Okawaru
 16467 | Lair:1   | Entered Level 1 of the Lair of Beasts
 16814 | Lair:1   | Found a stormy altar of Qazlal.
 17763 | Lair:2   | Received a gift from Okawaru
 17803 | Lair:2   | Found a hole to the Spider Nest.
 18123 | Lair:2   | Found a staircase to the Swamp.
 19151 | Lair:3   | Received a gift from Okawaru
 19157 | Lair:3   | Found a transporter.
 19459 | Lair:3   | Found a transporter.
 19789 | Lair:3   | Identified the +1 pair of gloves of Plasticity {*Corrode
                  | Str+2 Int+5 SInv}
 19925 | Lair:4   | Received a gift from Okawaru
 20676 | Lair:5   | Entered Level 5 of the Lair of Beasts
 20705 | Lair:5   | Reached XP level 15. HP: 129/135 MP: 14/14
 20926 | Lair:5   | Received a gift from Okawaru
 21221 | Lair:5   | Reached skill level 15 in Armour
 21676 | Lair:5   | Found a viscous altar of Jiyva.
 21677 | Lair:5   | Found a staircase to the Slime Pits.
 21705 | Lair:5   | Noticed Josephine
 21712 | Lair:5   | Killed Josephine
 21713 | Lair:5   | Reached skill level 15 in Axes
 21715 | Lair:5   | Received a gift from Okawaru
 21843 | Lair:5   | Noticed Snorg
 21847 | Lair:5   | Killed Snorg
 22183 | Lair:5   | Found a large runed translucent door.
 22184 | Lair:5   | Found a large runed translucent door.
 23203 | Orc:1    | Entered Level 1 of the Orcish Mines
 23303 | Orc:2    | Entered Level 2 of the Orcish Mines
 23320 | Orc:2    | Noticed Azrael
 23328 | Orc:2    | Found a gate leading to a gauntlet.
 23341 | Gauntlet | Entered a Gauntlet
 23341 | Gauntlet | Found a transporter.
 23481 | Gauntlet | Found a transporter.
 23492 | Gauntlet | Found a transporter.
 23497 | Gauntlet | Found a transporter.
 23512 | Gauntlet | Found a transporter.
 23534 | Gauntlet | Found a transporter.
 23543 | Gauntlet | Found a transporter.
 23555 | Gauntlet | Found a transporter.
 23567 | Gauntlet | Found a transporter.
 23579 | Gauntlet | Found a transporter.
 23596 | Gauntlet | Found a transporter.
 23614 | Gauntlet | Found a transporter.
 23616 | Gauntlet | Found a transporter.
 23641 | Gauntlet | Found a transporter.
 23643 | Gauntlet | Found a transporter.
 23663 | Gauntlet | Found a transporter.
 23719 | Gauntlet | Found a transporter.
 23725 | Gauntlet | Found a transporter.
 23749 | Gauntlet | Identified the +0 pair of boots of Cowardice {rF+ Str+3}
 23805 | Gauntlet | Identified the +2 cloak of the Dropbear {rF+ rC+ Int+2
                  | Stlth+}
 23857 | Gauntlet | Identified the +0 scale mail of Hospitality {Str+3}
 23992 | Orc:1    | Acquired 848 gold pieces
 24053 | Orc:1    | Received a gift from Okawaru
 24645 | Orc:2    | Noticed Donald
 24659 | Orc:2    | Killed Donald
 24662 | Orc:2    | Killed Azrael
 25157 | Orc:2    | Found Toethrape's Armour Shoppe.
 25218 | Orc:2    | Found Lumonat's Armour Emporium.
 25218 | Orc:2    | Found Rauqut's Magic Scroll Boutique.
 25218 | Orc:2    | Found Jiuriok's Weapon Shop.
 25221 | Orc:2    | Found Yranax's Antique Weapon Shoppe.
 25227 | Orc:2    | Bought a smoking broad axe for 234 gold pieces
 25227 | Orc:2    | Identified the +6 broad axe "Voesti" {freeze, rN+ Stlth+}
                  | (You bought it in a shop on level 2 of the Orcish Mines)
 25235 | Orc:2    | Bought a scroll of enchant armour for 97 gold pieces
 25283 | Orc:2    | Found a staircase to the Elven Halls.
 25535 | D:15     | Entered Level 15 of the Dungeon
 25907 | D:15     | Received a gift from Okawaru
 26129 | D:15     | Found a staircase to the Depths.
 26140 | D:15     | Reached XP level 16. HP: 140/145 MP: 15/15
 26342 | D:15     | Found a stormy altar of Qazlal.
 26424 | D:15     | Upgraded the game from 0.32-a0-141-g04fe69798e to
                  | 0.32-a0-171-g4625e66871
 26630 | Swamp:1  | Entered Level 1 of the Swamp
 26641 | Swamp:1  | Identified the +1 robe "Qorus" {rPois Will- Regen+ Dex+4}
 26658 | Swamp:1  | Noticed Nikola
 26668 | Swamp:1  | Killed Nikola
 26670 | Swamp:1  | Noticed a thorn hunter
 26678 | Swamp:1  | Killed a thorn hunter
 26688 | Swamp:1  | Received a gift from Okawaru
 27067 | Swamp:1  | Noticed Frances
 27074 | Swamp:1  | Gained mutation: You do not regenerate when monsters are
                  | visible. [a neqoxec]
 27084 | Swamp:1  | Killed Frances
 27753 | Swamp:2  | Noticed a tentacled monstrosity
 27754 | Swamp:2  | Paralysed by a fenstrider witch for 3 turns
 27762 | Swamp:2  | Paralysed by a fenstrider witch for 2 turns
 27767 | Swamp:2  | Killed a tentacled monstrosity
 28416 | Swamp:2  | Received a gift from Okawaru
 29150 | Swamp:3  | Noticed a thorn hunter
 29161 | Swamp:3  | Reached skill level 15 in Dodging
 29161 | Swamp:3  | Killed a thorn hunter
 29171 | Swamp:3  | Found a glacial archway.
 29176 | IceCv    | Entered an ice cave
 29513 | IceCv    | Received a gift from Okawaru
 29559 | IceCv    | Got Sif Muna's Quarto of the Glacier
 30302 | Swamp:3  | Identified the serpent talisman of a volcano {rF+ rN+
                  | rCorr}
 30302 | Swamp:3  | Noticed Aizul
 30312 | Swamp:3  | HP: 7/148 [Aizul/bolt of poison (29)]
 30313 | Swamp:3  | Succumbed to Aizul's bolt of poison

Illustrated notes

Levels and vault maps discovered:
D:1:      shiori_arrival_oz, layout_loops_ring, serial_shops,
          nicolae_shop_rolled_up, grunt_decor_clamped, minmay_indecisive_spiral
D:2:      layout_loops_corners, shapermc_ecumenical_altar_petra
D:3:      layout_loops_corners, mainiacjoe_overflow_alcove_1
D:4:      layout_rooms, old_standard_altar, mainiacjoe_overflow_six_doors_small,
          marbit_many_paths, st_stairs_10, corexii_item_surrounded_by_moat,
          minivault_23, serial_bayou_lake_a
D:5:      layout_basic, minitemple, uniq_menkaure, uniq_edmund
D:6:      layout_rooms, gammafunk_ghost_cemetery, uniq_pikel
D:7:      layout_cave_pods, lemuel_doored_altar,
          minmay_temple_entry_statues_pillars, gammafunk_ghost_smash
D:8:      layout_loops_ring, erik_lair_orcish_takeover, serial_bayou_pond_c,
          lemuel_flame_loot_1
D:9:      minmay_the_grid_four_pointed_star_mashed
          [minmay_the_grid_triangle_9x9_impossible_snake,
          minmay_the_grid_triangle_9x9_pentomino_pain,
          minmay_the_grid_triangle_9x9_tough_junction,
          minmay_the_grid_triangle_9x9_windchime,
          minmay_the_grid_prize_four_corners], layout_cross,
          mainiacjoe_overflow_alcove_4, nicolae_overflow_crystal_walls,
          zin_purify, grunt_tough_drop, uniq_maurice, uniq_gastronok
D:10:     layout_rooms, kennysheep_just_a_vault, uniq_nergalle, uniq_erica,
          uniq_urug
D:11:     layout_rooms, nicolae_trove_entry_crystal, nrook_pool_corridor,
          onia_ninara_dug_in_and_dangerous
D:12:     layout_loops_cross, david_orc_4, grunt_ministairs_15, uniq_jorgrun,
          uniq_psyche
D:13:     layout_basic, lightli_vaults_fourway_checkpoint, small_statue_alley_a
D:14:     layout_gridville, nicolae_sextant, serial_shops,
          nicolae_shop_gaudy_bauble, shop, nicolae_stop_n_shop_1, minivault_13
D:15:     hellmonk_depths_entry_around_the_bend, layout_cave_pools,
          nicolae_qazlal_style_of_elements
Temple:   nicolae_temple_bog_church
Lair:1:   cheibrodos_lair_river_kwai, layout_small_grid, basic_altar,
          st_stairs_13, nzn_sisyphean_effort
Lair:2:   layout_regular_city, mainiacjoe_swamp_entry_angry_trees,
          spider_nest_entry_webs, bh_autumn_forest_stairs, grunt_megastairs_5,
          lemuel_fruit_fields
Lair:3:   gammafunk_cloud_chamber, layout_chaotic_city, st_stairs_12,
          dreamdust_gnoll_shepherd, lemuel_fruit_tree
Lair:4:   layout_roguey, st_stairs_7, columned_hall_lemuel
Lair:5:   cheibrodos_lair_end_hotspot, layout_cave_pods,
          dpeg_slime_entry_corner, guppyfry_lair_drakes, uniq_snorg,
          uniq_josephine
Swamp:1:  layout_basic_swamp, hangedman_swamp_ruin_wall, uniq_nikola,
          uniq_frances
Swamp:2:  layout_basic_swamp, serial_swamp_ruin, evilmike_swamp_ruin_rubble_1,
          evilmike_swamp_ruin_house_2, evilmike_swamp_ruin_rubble_2
Swamp:3:  nzn_winding_woodlands_small [nzn_winding_woodlands_5x15_lazy_stream,
          nzn_winding_woodlands_center_pierced_h,
          nzn_winding_woodlands_5x15_river_crossing], layout_basic_swamp,
          portal_ice_cave_entry_pillars_three, nicolae_swamp_round_clearing,
          swamp_pool_1_2, nicolae_swamp_some_circles, uniq_aizul
Orc:1:    layout_caves, nicolae_volcano_entry_hallway,
          einodemon_barbed_minivault
Orc:2:    st_orc_rangers, layout_caves, serial_shops, shop,
          gauntlet_entry_generic, uniq_donald, uniq_azrael

Skill      XL: |  1  2  3  4  5  6  7  8  9 10 11 12 13 14 15 16 |
---------------+-------------------------------------------------+-----
Dodging        | 1 2 3 4 5 6 8 9 10 12 13 14 15 | 15.3
Armour         | 4 5 6 7 8 9 11 12 13 14 16 17 | 17.0
Fighting       | 4 5 6 7 9 11 13 15 17 18 19 20 | 20.4
Shields        | 4 5 6 7 9 11 13 15 16 17 18 19 20 | 20.2
Axes           | 3 4 5 6 8 9 10 12 13 14 15 16 | 16.8

Action                     |  1- 3 |  4- 6 |  7- 9 | 10-12 | 13-15 | 16-18 || total
---------------------------+-------+-------+-------+-------+-------+-------++-------
  Melee: War axe           |    92 |    82 |   228 |   465 |       |       ||   867
         Headbutt          |     8 |    14 |    40 |   100 |   197 |    56 ||   415
         Broad axe         |       |       |       |     9 |   840 |   323 ||  1172
 Invoke: Heroism           |       |       |       |     3 |     8 |     2 ||    13
         Receive Weapon    |       |       |       |     1 |       |       ||     1
         Receive Armour    |       |       |       |       |     1 |       ||     1
  Evoke: Wand              |       |       |       |     8 |       |       ||     8
    Use: Scroll            |     6 |    10 |     7 |    16 |    19 |     2 ||    60
         Potion            |       |     1 |     1 |     5 |     6 |     1 ||    14
 Armour: Scale mail        |    46 |    37 |   142 |   302 |    95 |       ||   622
         Chain mail        |       |       |       |       |   480 |   189 ||   669
  Dodge: Dodged            |    40 |    29 |   105 |   169 |   293 |    80 ||   716
  Block: Buckler           |    22 |    18 |    98 |   189 |       |       ||   327
         Kite shield       |       |       |       |       |   862 |   245 ||  1107

Table legend: (Time is in decaauts)
 A = Elapsed time spent in this place.
 B = Non-inter-level travel time spent in this place.
 C = Inter-level travel time spent in this place.
 D = Time resting spent in this place.
 E = Time spent auto-exploring this place.
 F = Levels seen in this place.
 G = Mean time per level.
                   A        B        C        D        E       F      G
               +--------+--------+--------+--------+--------+-----+--------+
         Total |  30291 |  28699 |   1592 |   1481 |  22260 |  28 | 1081.8 |
       Dungeon |  17757 |  16659 |   1098 |   1181 |  12576 |  15 | 1183.8 |
        Temple |     26 |      1 |     25 |      0 |      0 |   1 |   26.0 |
          Lair |   6673 |   6328 |    345 |      0 |   5452 |   5 | 1334.6 |
         Swamp |   2572 |   2517 |     55 |    216 |   1939 |   3 |  857.3 |
  Orcish Mines |   1698 |   1630 |     68 |      0 |   1249 |   2 |  849.0 |
      Ice Cave |   1044 |   1044 |      0 |     84 |    691 |   1 | 1044.0 |
      Gauntlet |    517 |    517 |      0 |      0 |    352 |   1 |  517.0 |
               +--------+--------+--------+--------+--------+-----+--------+

Top non-repeatable levels by time:
     D:9: 2423 daAuts
  Lair:5: 2333 daAuts
    D:12: 1834 daAuts
     D:8: 1375 daAuts
    D:14: 1337 daAuts
  Lair:2: 1333 daAuts
    D:13: 1318 daAuts
  Lair:1: 1305 daAuts
 Swamp:1: 1304 daAuts
     D:7: 1298 daAuts
 Swamp:2: 1180 daAuts
   Orc:1: 1124 daAuts
     D:2: 1077 daAuts
    D:10: 1072 daAuts
   IceCv: 1044 daAuts
